[Event "Early-Titled-Tuesday-Blitz-November-28-2023"]
[Site "Chess.com"]
[Date "2023.11.28"]
[Round "9"]
[White "Leonid_Starozhilov"]
[Black "Bauman_Guy"]
[Result "0-1"]
[WhiteElo "2749"]
[BlackElo "2896"]
[TimeControl "180+1"]
[EndTime "9:52:45 PST"]
[Termination "Bauman_Guy won by resignation"]

1. e4 c5 2. Nf3 d6 3. d4 cxd4 4. Nxd4 Nf6 5. Nc3 a6 6. h3 e5 7. Nde2 h5 8. Bg5 Be6 9. a4 Nbd7 10. g3 Be7 11. Be3 Rc8 12. Bg2 O-O 13. O-O Nb6 14.
b3 d5 15. Bxb6 Qxb6 16. Nxd5 Bxd5 17. exd5 e4 18. a5 Qc7 19. c4 Bb4 20. Kh1 Rfd8 21.
Nd4 Bxa5 22. Qc1 Qe5 23. Rxa5 Qxd4 24. Qe3 Qxe3 25. fxe3 b5 26. cxb5 axb5 27. Rxb5 Rc3 28. Re1 g6 29. Kg1 Kg7 30. Kf2 Ra8 31. Re2 Rd3 32.
Rb4 Re8 33. Rd4 Rxb3 34. d6 Rb6 35. d7 Rd8 36. Red2 Re6 37. Kg1 Re7 38. Kf2 Kf8 39.
Kg1 Rdxd7 40. Rxd7 Nxd7 41. Bxe4 Nf6 42. Bf3 Rxe3 43.
Kf2 Rc3 44. g4 h4 45. g5 Nh7 46. Rd5 Kg7 47. Bg4 Rg3 48. Ke2 Nf8 49. Kf2 Ne6 50. Bxe6 fxe6 51. Re5 Kf7 52. Re4 Rxh3 53. Kg2 Rg3+ 54.
Kf2 Rxg5 55. Rxh4 Kf6 56. Kf3 Rf5+ 57. Ke4 e5 58. Rh8 Rf4+ 59. Ke3 g5 60. Re8 Kf5 61.
Re7 g4 62. Rf7+ Kg5 63. Rg7+ Kh4 64. Re7 Kg3 65. Rxe5 Rf8 66. Re7 Kg2 67. Ke2 g3 68. Re6 Kg1 69. Re7 g2 70. Re6 Rf5 71. Ke3 Kh2 72.
Rh6+ Kg1 73. Ke2 Re5+ 74. Kd2 Kf2 75. Rf6+ Kg3 76. Rg6+ Kf3 77. Rf6+ Kg4 0-1

[Event "Early-Titled-Tuesday-Blitz-November-28-2023"]
[Site "Chess.com"]
[Date "2023.11.28"]
[Round "9"]
[White "Sychev_on_YouTube"]
[Black "jens1102"]
[Result "1/2-1/2"]
[WhiteElo "2891"]
[BlackElo "2634"]
[TimeControl "180+1"]
[EndTime "9:52:45 PST"]
[Termination "Game drawn by repetition"]

1. e4 c5 2. Nf3 Nc6 3. d4 cxd4 4. Nxd4 Nf6 5. Nc3 e5 6. Ndb5 d6 7. Bg5 a6 8. Na3 b5 9. Bxf6 gxf6 10. Nd5 f5 11. g3 fxe4 12. Bg2 Bg7 13. Bxe4 Be6 14.
Qh5 h6 15. c3 O-O 16. Rd1 f5 17. Qg6 Qe8 18. Qxe8 Raxe8 19. Nf6+ Bxf6 20. Bxc6 Rd8 21. Bb7 Bxa2 22. Bxa6 b4 23. cxb4 e4 24. Bc4+ Bxc4 25.
Nxc4 d5 26. Ne3 d4 27. Nxf5 d3 28. Nxh6+ Kh7 29. Ng4 Bxb2 30. O-O d2 31. Kg2 Bc3 32.
b5 Rf5 33. Rb1 Rb8 34. b6 Rc5 35. f3 exf3+ 36. Rxf3 Rxb6 37. Rd1 Re6 38. Nf2 Re2 39. Kf1 Re1+ 40. Kg2 Re2 41. Kf1 Re1+ 42. Kg2 Ba5 43. Rd3 Re2 44. Kf1 Re1+ 45. Kg2 Rc2 46. Rd7+ Kg6 47.
Rd6+ Kf7 48. Rd5 Bc3 49. Rd3 Bb4 50. Rd4 Bc3 51. Rd3 Ba5 52. Rd5 Ra2 53. Rxa5 Rxa5 54. Rxd2 Raa1 55. Rd3 Re2 56. Rf3+ Ke6 57. g4 Ra4 58.
Kg3 Ra1 59. h4 Rg1+ 60. Kf4 Rf1 61. Kg3 Rg1+ 62. Kf4 Rf1 63. Kg3 Rg1+ 1/2-1/2

[Event "Early-Titled-Tuesday-Blitz-November-28-2023"]
[Site "Chess.com"]
[Date "2023.11.28"]
[Round "9"]
[White "millenium19"]
[Black "marvinguevara"]
[Result "1-0"]
[WhiteElo "2483"]
[BlackElo "2180"]
[TimeControl "180+1"]
[EndTime "9:52:46 PST"]
[Termination "millenium19 won on time"]

1. e4 c5 2. Nf3 Nc6 3. Bb5 g6 4. O-O Bg7 5. Re1 Nf6 6. e5 Nd5 7. Nc3 Nc7 8. Bxc6 dxc6 9. Ne4 Ne6 10.
d3 O-O 11. Be3 b6 12. Qd2 Nd4 13. Nxd4 cxd4 14. Bh6 Bf5 15. Bxg7 Kxg7 16. Ng3 Be6 17. a4 h5 18. Qf4 Rh8 19. h4 Bg4 20. Ne4 Be6 21.
Ng5 Rf8 22. b4 a5 23. Re4 c5 24. bxc5 bxc5 25. Rb1 Rb8 26. Ree1 Qd5 27. Qd2 Rb4 28. c3 Rxb1 29. Rxb1 Qxe5 30. cxd4 Qxd4 31. Qxa5 Qxd3 32. Re1 c4 33. Qe5+ Kg8 34. Nxe6 fxe6 35. Qxe6+ Rf7 36. Re3 Qd1+ 37. Kh2 Qb1 38. Rf3 Qb8+ 39. g3 Qf8 40.
Qxg6+ Qg7 41. Qe6 c3 42. a5 c2 43. Rxf7 Qxf7 44. Qc8+ Kg7 45. Qxc2 Qd5 46. a6 Qa8 47. Qc3+ Kf7 48. Qb3+ Kf6 49. Qb7 Qd8 50. a7 Qd4 51. Qf3+ Ke6 52. a8=Q 1-0

[Event "Early-Titled-Tuesday-Blitz-November-28-2023"]
[Site "Chess.com"]
[Date "2023.11.28"]
[Round "9"]
[White "Andrii_Prydun"]
[Black "Nf3c5"]
[Result "0-1"]
[WhiteElo "2388"]
[BlackElo "2509"]
[TimeControl "180+1"]
[EndTime "9:52:49 PST"]
[Termination "Nf3c5 won by resignation"]

1. e4 c5 2. d4 cxd4 3. c3 dxc3 4. Nxc3 Nc6 5. Nf3 a6 6. Bc4 d6 7. h3 Nf6 8. O-O e6 9. Qe2 Be7 10. Rd1 Qc7 11. Bf4 b5 12. Bd3 Ne5 13. Rac1 Qb8 14.
Bh2 O-O 15. Bb1 Bb7 16. Nd4 Rc8 17. f4 Nc4 18. e5 dxe5 19. fxe5 Nd5 20. Ne4 Nce3 21.
Nd6 Bxd6 22. exd6 Nxd1 23. Rxd1 Rd8 24. Nxe6 Rxd6 25. Ng5 Qa7+ 26. Kh1 Rh6 27. Qf3 Bc6 28. Be4 Rd8 29. Bxd5 Qd7 30. Bb3 Bxf3 31. Rxd7 Rxd7 32. Nxf3 Rhd6 33. Bxd6 Rxd6 34. Kg1 Kf8 35. Kf2 f6 36.
Ke3 a5 37. Bc2 g6 38. a3 f5 39. Bd3 b4 40. Nd4 Kg7 41. Nb5 Rb6 42. axb4 axb4 43. Kd4 Kf6 44. Kc4 Rb8 45. Kxb4 Ke5 46. Kc3 Kf4 47.
Bc4 Kg3 48. h4 Kxg2 49. h5 g5 50. Nd6 f4 51. Ne4 g4 52. Nf6 g3 53. Nxh7 f3 54.
Ng5 f2 55. Ne4 Kf3 56. Nxg3 Kxg3 57. Kd4 Rb4 58. h6 Rxc4+ 59. Kxc4 f1=Q+ 60. Kc5 Qf5+ 0-1

[Event "Early-Titled-Tuesday-Blitz-November-28-2023"]
[Site "Chess.com"]
[Date "2023.11.28"]
[Round "9"]
[White "mortngabriel"]
[Black "angryspacevoid"]
[Result "1-0"]
[WhiteElo "2507"]
[BlackElo "2471"]
[TimeControl "180+1"]
[EndTime "9:52:53 PST"]
[Termination "mortngabriel won by checkmate"]

1. e4 e5 2. Nc3 Nc6 3. Bc4 Nf6 4. d3 Na5 5. Qf3 Nxc4 6. dxc4 h6 7. Nge2 Bc5 8. O-O d6 9. h3 Be6 10. b3 Qd7 11.
Be3 Bxe3 12. Qxe3 O-O 13. Nd5 Qd8 14. Rad1 Nxd5 15. cxd5 Bd7 16. f4 exf4 17. Qxf4 Qe7 18. Ng3 Rae8 19. Rd3 Qe5 20. Qf2 a5 21. Rf3 Re7 22.
Qa7 b6 23. a4 Qd4+ 24. Kh1 Qc5 25. R1f2 h5 26. Nxh5 Rxe4 27. Nf4 Re3 28. Qa6 Rxf3 29. Rxf3 Re8 30. Qd3 Re1+ 31. Kh2 Qg1+ 32. Kg3 Re5 33. h4 Qe1+ 34. Kh2 Qxh4+ 35. Nh3 f6 36. c4 Be8 37.
Qf1 Bh5 38. Rg3 Bf7 39. Qf4 Qxf4 40. Nxf4 Rf5 41. Ne2 Re5 42. Nd4 Be8 43. Ne6 g5 44. Nxc7 Bd7 45. Na8 Re2 46. Nxb6 Bf5 47. Rf3 Be4 48. Rg3 Kf7 49. Nc8 Kg6 50. Nxd6 Bc2 51. c5 f5 52. c6 f4 53. Rc3 f3 54. Rxf3 Bf5 55. Rxf5 Rc2 56. Rf3 Kh5 57. Rd3 g4 58. Rd4 Kh4 59. Nf5+ Kg5 60. Rc4 Rd2 61. c7 g3+ 62.
Nxg3 Rd3 63. c8=Q Rd2 64. Qf5+ Kh6 65. Rh4+ Kg7 66. Rh7+ Kg8 67. Qf7# 1-0

[Event "Early-Titled-Tuesday-Blitz-November-28-2023"]
[Site "Chess.com"]
[Date "2023.11.28"]
[Round "9"]
[White "shimastream"]
[Black "vasblesk"]
[Result "1-0"]
[WhiteElo "2949"]
[BlackElo "2829"]
[TimeControl "180+1"]
[EndTime "9:52:54 PST"]
[Termination "shimastream won by resignation"]

1. d4 d5 2. c4 c6 3. Nf3 Nf6 4. Qb3 dxc4 5. Qxc4 Bf5 6. g3 e6 7. Bg2 Nbd7 8. O-O Be7 9. e3 O-O 10. Rd1 Qc7 11. Qe2 Ne4 12. Nc3 Ndf6 13. Nd2 Nxc3 14. bxc3 c5 15. Bb2 Rac8 16. a4 b6 17. c4 cxd4 18. exd4 Rfd8 19. Rac1 Bg4 20. Nf3 h6 21. h3 Bxf3 22. Bxf3 Qd7 23. d5 exd5 24. cxd5 Rxc1 25. Rxc1 Re8 26. Qb5 Qxb5 27. axb5 Bc5 28. Rd1 Rd8 29. Kg2 Ne8 30. Be2 Nd6 31. Bd3 Re8 32.
h4 Re7 33. g4 Ne8 34. g5 h5 35. g6 Bd6 36. gxf7+ Kxf7 37. Rc1 Bc5 38. Rc4 Nd6 39.
Rf4+ Ke8 40. Bg6+ Kd7 41. Bxh5 Nxb5 42. Bg4+ Kc7 43. h5 a5 44. Be6 Nd6 45. Rg4 Ne8 46.
Be5+ Bd6 47. Rc4+ Kb7 48. Bd4 Nc7 49. Rc6 Bc5 50. Bxc5 bxc5 51. Rxc5 Nxe6 52. dxe6 Rxe6 53. Rxa5 Rh6 54. Kg3 Kc6 55. Ra6+ Kd5 56. Rxh6 gxh6 57. Kf4 Ke6 58. Ke4 Kf6 59. f4 Ke6 60. f5+ Kf7 61.
Ke5 Ke7 62. f6+ Ke8 63. Ke6 Kf8 64. f7 Kg7 65. Ke7 Kh7 66. Kf8 1-0

[Event "Early-Titled-Tuesday-Blitz-November-28-2023"]
[Site "Chess.com"]
[Date "2023.11.28"]
[Round "9"]
[White "olksuna"]
[Black "Viacheslav92"]
[Result "1/2-1/2"]
[WhiteElo "2727"]
[BlackElo "2570"]
[TimeControl "180+1"]
[EndTime "9:52:55 PST"]
[Termination "Game drawn by repetition"]

1. e4 e5 2. Nf3 Nc6 3. Bc4 Bc5 4. O-O Nf6 5. d3 d6 6. Nc3 h6 7. Na4 Bb6 8. a3 O-O 9. Ba2 Be6 10. Bxe6 fxe6 11. c4 Nd4 12. Nxb6 Nxf3+ 13. Qxf3 axb6 14. Qh3 Qe7 15. f4 exf4 16. Bxf4 e5 17. Be3 Rf7 18.
Rf5 Raf8 19. Raf1 Nd7 20. Qh5 Rxf5 21. exf5 Qf7 22. Qf3 c6 23. g4 d5 24. cxd5 cxd5 25.
Rc1 Nf6 26. Bxb6 e4 27. dxe4 dxe4 28. Qe2 Re8 29. Be3 Nd5 30. Kg2 Kh7 31. h3 Qf6 32. Rc2 Qe5 33. Qf2 b5 34. Re2 Rc8 35. Qg3 Nxe3+ 36. Qxe3 Re8 37. Rf2 Re7 38. h4 Rd7 39.
Re2 Re7 40. Qg3 Qd5 41. Qe3 Qe5 42. Kh3 Kh8 43. Rf2 Rd7 44. Re2 Rd1 45. Re1 Rxe1 46. Qxe1 Qxb2 47. Qxe4 Qxa3+ 48. Kg2 Qa2+ 49. Kf3 Qa3+ 50.
Kg2 Qa2+ 51. Kf3 Qa3+ 52. Ke2 Qa2+ 53. Ke3 Qa3+ 54. Qd3 b4 55. Kd4 Qa7+ 56. Ke5 Qc7+ 57. Ke6 Qc6+ 58. Kf7 Qc7+ 59. Ke8 Qc6+ 60. Kd8 Qb6+ 61.
Ke7 Qc7+ 62. Ke6 Qc6+ 63. Ke7 Qc7+ 64. Ke6 1/2-1/2

[Event "Early-Titled-Tuesday-Blitz-November-28-2023"]
[Site "Chess.com"]
[Date "2023.11.28"]
[Round "9"]
[White "PabloZarnicki"]
[Black "EvgenyBurmakin"]
[Result "0-1"]
[WhiteElo "2535"]
[BlackElo "2433"]
[TimeControl "180+1"]
[EndTime "9:52:57 PST"]
[Termination "EvgenyBurmakin won by checkmate"]

1. e4 c5 2. Na3 d6 3. Nf3 Nc6 4. c3 e5 5. Nc2 Nf6 6. d4 cxd4 7. cxd4 exd4 8. Bd3 d5 9. e5 Ne4 10. O-O Bc5 11.
b4 Nc3 12. Qe1 Nxb4 13. Nxb4 Bxb4 14. Nxd4 Qb6 15. Nb5 d4 16. Bd2 O-O 17. Nxc3 dxc3 18. Bxc3 Bxc3 19. Qxc3 Be6 20. Rab1 Qc6 21. Qxc6 bxc6 22.
a4 Rab8 23. a5 c5 24. f4 g6 25. Rfc1 c4 26. Be4 Rfc8 27. Kf2 Rxb1 28. Rxb1 c3 29. Ke3 a6 30. Rc1 Rc5 31. Kd4 Rxa5 32. Rxc3 Ra4+ 33. Ke3 Ra2 34. h4 h5 35. Bf3 Kg7 36. Rc7 a5 37. Ra7 a4 38. Bc6 a3 39. Kd4 Ra1 40. Kc5 a2 41. Bd5 Rc1+ 42. Kd6 Rd1 43.
Rxa2 Rxd5+ 44. Ke7 Rd7+ 45. Ke8 Bxa2 46. Kxd7 Bd5 47.
g3 Be6+ 48. Kd6 Kf8 49. Kc7 Ke7 50.
Kc6 Bf5 51. Kd5 Kd7 52. Kc5 Be6 53. Kd4 Kc6 54. Ke4 Kc5 55. f5 Bxf5+ 56. Kf4 Be6 57. Kg5 Kd5 58. Kf6 Ke4 59. g4 hxg4 60. Kg5 Kxe5 61.
h5 gxh5 62. Kxh5 Kf4 63. Kh4 g3 64. Kh5 g2 65. Kh6 g1=Q 66. Kh7 f6 67. Kh8 Qg8# 0-1

[Event "Early-Titled-Tuesday-Blitz-November-28-2023"]
[Site "Chess.com"]
[Date "2023.11.28"]
[Round "9"]
[White "Kovalyov_Eduard"]
[Black "Roman_Ovetchkin"]
[Result "0-1"]
[WhiteElo "2461"]
[BlackElo "2649"]
[TimeControl "180+1"]
[EndTime "9:52:59 PST"]
[Termination "Roman_Ovetchkin won by checkmate"]

1. d4 Nf6 2. c4 c5 3. d5 b5 4.
cxb5 a6 5. bxa6 g6 6. Nc3 Bg7 7. e4 O-O 8. a7 Rxa7 9. Nf3 Ba6 10. Bxa6 Nxa6 11. O-O Qa8 12. e5 Ne8 13. Re1 Nb4 14. a3 d6 15. Bf4 Na6 16. exd6 exd6 17. Qd2 Nac7 18. Rad1 Rb7 19. Ng5 Qb8 20. Re2 Rb6 21. h4 Nf6 22. f3 Nh5 23. Bh2 Bd4+ 24. Kh1 Ng7 25. Nge4 Nf5 26. h5 Rd8 27. Rf1 Bg7 28. hxg6 hxg6 29. g4 Nd4 30. Ref2 Qa8 31. Kg2 Nxd5 32.
Nxd5 Qxd5 33. Nc3 Qc6 34. Ne4 d5 35. Nc3 Rdb8 36. b4 cxb4 37. axb4 Rxb4 38. Nd1 Rb3 39. Ne3 Qe6 40. Re1 Qd7 41. f4 Rb2 42. Qd3 Rxf2+ 43.
Kxf2 Rb3 44. Qd2 Qb5 45. Rd1 Rb2 46. Kg3 Rxd2 47. Rxd2 Qf1 48. Rf2 Qe1 49. Ng2 Qe4 50. Kh3 f5 51. Kg3 Ne2+ 52. Kh3 d4 53. Bg3 d3 54. g5 d2 55. Bh2 d1=Q 56. Bg3 Qdd3 57. Ne1 Qc3 58. Rg2 Nxg3 59. Rxg3 Qxg3+ 60. Kxg3 Qxe1+ 61. Kf3 Qf1+ 62. Kg3 Qg1+ 63. Kh4 Qg4# 0-1

[Event "Early-Titled-Tuesday-Blitz-November-28-2023"]
[Site "Chess.com"]
[Date "2023.11.28"]
[Round "9"]
[White "TRadjabov"]
[Black "luckyswitchback"]
[Result "1-0"]
[WhiteElo "3028"]
[BlackElo "2805"]
[TimeControl "180+1"]
[EndTime "9:53:02 PST"]
[Termination "TRadjabov won on time"]

1. d4 Nf6 2. Nf3 e6 3. Nc3 d5 4. Bg5 Nbd7 5. e3 h6 6. Bh4 Be7 7. Be2 O-O 8. O-O b6 9. a4 a6 10. Nb1 c5 11. Nbd2 Bb7 12. c3 Bd6 13. Re1 Re8 14. Qb3 Qc7 15. Bg3 Bxg3 16. hxg3 e5 17. dxe5 Nxe5 18. Nxe5 Rxe5 19. Nf3 Re6 20. Bf1 Rd8 21.
Red1 Ne4 22. c4 d4 23. exd4 cxd4 24. Rxd4 Rxd4 25. Nxd4 Rf6 26. Nf3 Qc5 27. Qc2 Nxg3 28. b4 Qf5 29. Qxf5 Nxf5 30. Ne5 Re6 31. Nd3 Nd4 32.
c5 Nb3 33. Ra3 Nd2 34. b5 Nxf1 35. Kxf1 axb5 36. axb5 bxc5 37. Nxc5 Rb6 38. Nxb7 Rxb7 39. Rb3 Kf8 40. Ke2 Ke7 41. Kd3 Kd6 42. Kd4 Rb6 43. Kc4 Kc7 44. Re3 Rf6 45. f3 Kb6 46. Re5 g6 47. Kd4 h5 48. Ke4 Kc7 49. f4 Kb6 50. Kf3 Kc7 51. g3 Kb6 52. Ke3 Ka5 53. Ke4 Kb6 54. f5 gxf5+ 55. Rxf5 Rg6 56. Kf4 Rg4+ 57. Kf3 Rb4 58. Rxh5 Rxb5 59. Rh6+ Kc7 60. Rf6 Kd8 61. Rxf7 Ke8 62. Rf4 1-0

[Event "Early-Titled-Tuesday-Blitz-November-28-2023"]
[Site "Chess.com"]
[Date "2023.11.28"]
[Round "9"]
[White "lluiss"]
[Black "LeoWin2012"]
[Result "1-0"]
[WhiteElo "2215"]
[BlackElo "2239"]
[TimeControl "180+1"]
[EndTime "9:53:02 PST"]
[Termination "lluiss won by checkmate"]

1. Nf3 Nf6 2. d4 d5 3. c4 e6 4. cxd5 exd5 5. Nc3 c6 6. Qc2 g6 7. Bg5 Bf5 8. Qb3 Nbd7 9. Ne5 Qb6 10. Qxb6 axb6 11. Nxd7 Nxd7 12. f3 b5 13. e4 dxe4 14.
fxe4 b4 15. exf5 bxc3 16. bxc3 Ra3 17. Kd2 h6 18. Re1+ Ne5 19. Rxe5+ Kd7 20. Bf6 Rxa2+ 21.
Kd3 Rg8 22. Be2 Bd6 23. Re3 gxf5 24. Bf3 Rg6 25. Be5 Bxe5 26. Rxe5 Rf6 27. Rhe1 Ra3 28. Re7+ Kc8 29. Re8+ Kc7 30. R8e7+ Kb6 31. Rb1+ Ka6 32. Rbxb7 Re6 33. Ra7+ Kb6 34. Rxa3 Rxe7 35. Rb3+ Kc7 36.
Ra3 Re6 37. Ra7+ Kd6 38. Rxf7 f4 39. Rxf4 Re1 40. Rh4 Rh1 41. Rxh6+ Ke7 42. Kc4 c5 43. dxc5 Rc1 44. c6 Kd8 45. Rh8+ Kc7 46. Rh7+ Kc8 47. c7 Rxc3+ 48. Kd4 Rd3+ 49. Ke4 Re3+ 50. Kf4 Re4+ 51. Kg3 Rc4 52. Rh8+ Kxc7 53. Rh7+ Kd6 54. h4 Rc3 55. Rf7 Ke6 56. Rf4 Ke7 57. h5 Rc8 58. h6 Rh8 59.
Rh4 Kf6 60. Kh3 Kg5 61. g3 Rh7 62. g4 Rxh6 63. Rxh6 Kxh6 64. Kh4 Kg6 65. g5 Kg7 66. Bg4 Kg6 67. Bh5+ Kg7 68. Kg4 Kh7 69. Kf5 Kg7 70.
Bf3 Kg8 71. Bd5+ Kf8 72. Be4 Kg7 73. Kg4 Kh8 74. Kh5 Kg7 75. g6 Kg8 76. Kh6 Kh8 77.
g7+ Kg8 78. Bd5# 1-0

[Event "Early-Titled-Tuesday-Blitz-November-28-2023"]
[Site "Chess.com"]
[Date "2023.11.28"]
[Round "9"]
[White "dropstoneDP"]
[Black "mbojan"]
[Result "1/2-1/2"]
[WhiteElo "2963"]
[BlackElo "2855"]
[TimeControl "180+1"]
[EndTime "9:53:09 PST"]
[Termination "Game drawn - insufficient material"]

1. e4 g6 2. d4 Nf6 3. Bd3 Nc6 4. Nf3 Nb4 5. e5 Nxd3+ 6. Qxd3 Nh5 7. Nc3 d6 8. h3 dxe5 9. Nxe5 Bg7 10. Be3 O-O 11.
O-O-O Nf6 12. Rhe1 Nd5 13. Nxd5 Qxd5 14. Qb3 Qxg2 15.
Rg1 Qe4 16. f3 Qf5 17. f4 c6 18. Rg5 Qxh3 19. Nxg6 hxg6 20. Rxg6 Qxe3+ 21. Qxe3 fxg6 22. Qxe7 Bf5 23. Qxb7 Rab8 24. Qxc6 Bh6 25. Kb1 Bxf4 26. Rg1 Kg7 27. Qa4 Rbc8 28. Rg2 Rc7 29. Ka1 Rfc8 30. c3 Re7 31. Rg1 Rce8 32. a3 Re1+ 33. Rxe1 Rxe1+ 34. Ka2 g5 35. Qxa7+ Kg6 36. Qb6+ Kh5 37. d5 g4 38. d6 g3 39. Qc5 Kg4 40. Qd4 g2 41.
d7 Bxd7 42. Qxd7+ Kf3 43. Qd5+ Kg3 44. Qg8+ Kf2 45. Qg4 Bg3 46. Qf5+ Ke3 47. Qc5+ Kf3 48. Qd5+ Kf2 49. Qd4+ Kf1 50. Qd3+ Re2 51. Qxg3 g1=Q 52. Qxg1+ Kxg1 53. Kb3 Kf2 54. a4 Ke3 55. a5 Ke4 56.
Kc4 Rxb2 57. a6 Ra2 58. Kb5 Kd5 59. Kb6 Kd6 60. Kb7 Rb2+ 61. Kc8 Kc6 62. a7 Ra2 63. Kb8 Rb2+ 64. Kc8 Ra2 65. Kb8 Rxa7 66. Kxa7 Kc5 67. Ka6 Kc4 68. Kb6 Kxc3 1/2-1/2

[Event "Early-Titled-Tuesday-Blitz-November-28-2023"]
[Site "Chess.com"]
[Date "2023.11.28"]
[Round "9"]
[White "nindjaxx8"]
[Black "Mouse-Sleep"]
[Result "1-0"]
[WhiteElo "2462"]
[BlackElo "2545"]
[TimeControl "180+1"]
[EndTime "9:53:13 PST"]
[Termination "nindjaxx8 won by resignation"]

1. d4 Nf6 2. c4 a6 3. Nc3 c5 4. e3 e6 5. Nf3 d5 6. cxd5 exd5 7.
Be2 Nc6 8. O-O Be7 9. dxc5 Bxc5 10. a3 O-O 11. b4 Ba7 12. Bb2 Qd6 13. h3 Bf5 14. Rc1 Rac8 15. Bd3 Bxd3 16. Qxd3 Rfd8 17. Rfd1 Bb8 18. Ne2 Ne4 19. Nf4 Ne7 20. Rxc8 Rxc8 21. Be5 Qd8 22. Bxb8 Rxb8 23. Nxd5 Nxd5 24. Qxd5 Qe8 25. Qd7 Nf6 26. Qc7 h6 27. Ne5 Kf8 28. f4 b5 29. Rd6 Rc8 30. Qb6 Ne4 31. Rd4 Nf6 32. Qxa6 Kg8 33. Qb6 Kh7 34. Rd6 Ne4 35. Rd4 Rc1+ 36. Kh2 Nf2 37. Qb7 f5 38. Qd5 Rh1+ 39.
Kg3 Ne4+ 40. Rxe4 fxe4 41. Qxe4+ Kg8 42. Qd5+ Kh7 43. Kf2 Rc1 44. Qd3+ Kg8 45. Qd5+ Kh7 46. g4 Qc8 47. Qd3+ Kg8 48. Qd5+ Kh7 49. Qxb5 Qc2+ 50. Qe2 Qb1 51. Qd3+ Qxd3 52. Nxd3 Rc3 53. Nc5 Rxa3 54. Ke2 Ra2+ 55. Kd3 Rb2 56. Kc3 Re2 57. Kd4 Rb2 58. Nd3 Rh2 59. b5 Kg8 60. Kc5 Rxh3 61.
b6 Rxe3 62. b7 Re8 63. Kc6 Kf7 64. Kc7 Re7+ 65. Kb8 Re8+ 66. Ka7 Re7 67. Ka8 g5 68. fxg5 hxg5 69. b8=Q Re8 70. Qxe8+ Kxe8 71. Kb7 Ke7 72. Kc6 Ke6 73. Kc5 Kf6 74. Kd4 Kg6 75. Ke5 Kh6 76.
Kf5 Kh7 77. Kxg5 Kg7 78. Kf5 Kh7 79. g5 Kg7 80. g6 Kh6 81. Kf6 1-0

[Event "Early-Titled-Tuesday-Blitz-November-28-2023"]
[Site "Chess.com"]
[Date "2023.11.28"]
[Round "9"]
[White "Matols"]
[Black "HajiyevKanan"]
[Result "1-0"]
[WhiteElo "2376"]
[BlackElo "2482"]
[TimeControl "180+1"]
[EndTime "9:53:13 PST"]
[Termination "Matols won on time"]

1. d4 d5 2. c4 c6 3. Nf3 Nf6 4. Qb3 a6 5. Nc3 e6 6. g3 Bd6 7. Bg2 O-O 8. O-O Nbd7 9. Rd1 Qe7 10. Bg5 h6 11. Bxf6 Qxf6 12. Qc2 Re8 13. c5 Bc7 14. e4 Qg6 15. Nh4 Qh7 16. Rac1 Nf6 17. e5 Qxc2 18.
Rxc2 Nd7 19. f4 b6 20. cxb6 Bxb6 21. Na4 Bb7 22. Nxb6 Nxb6 23. Bf1 a5 24. b3 Rec8 25.
f5 a4 26. fxe6 fxe6 27. Bh3 Re8 28. Ng6 axb3 29. axb3 Ra3 30. Rb1 Kf7 31. Nf4 g5 32. Nxe6 Rxe6 33. Rf2+ Ke7 34. Bxe6 Kxe6 35. Rf6+ Ke7 36.
Rxh6 Nd7 37. Rg6 c5 38. dxc5 Nxc5 39. Rg7+ Kf8 40. Rc7 d4 41. Rxc5 Ra2 42. Rc7 Rg2+ 43. Kf1 Rxh2 44. Re1 Bf3 45. e6 Bg4 46. e7+ Ke8 47. Ra7 Rh1+ 48. Kf2 Rxe1 49. Kxe1 d3 50. Kd2 Bf5 51. g4 Bxg4 52. Kxd3 Bd7 53. Kd4 g4 54. Ke5 Kxe7 55. b4 g3 56. Ra3 g2 57. Rg3 Bc6 58. Kd4 Kd6 59. Rg6+ Kc7 60. Kc5 Bb7 61. b5 Be4 62. Rg7+ Kb8 63. Kb6 Kc8 64. Rg8+ Kd7 65.
Ka7 Bd5 66. Rg7+ Ke6 67. b6 Kf5 68. b7 Kf4 69. b8=Q+ Ke3 70. Re7+ Be4 71. Rxe4+ Kxe4 72. Qg3 1-0

[Event "Early-Titled-Tuesday-Blitz-November-28-2023"]
[Site "Chess.com"]
[Date "2023.11.28"]
[Round "9"]
[White "chess_blitz00"]
[Black "RamonManon0g"]
[Result "0-1"]
[WhiteElo "2479"]
[BlackElo "2361"]
[TimeControl "180+1"]
[EndTime "9:53:13 PST"]
[Termination "RamonManon0g won on time"]

1. b3 e5 2. Bb2 d6 3. d4 exd4 4. Qxd4 Nc6 5. Qa4 Nf6 6. e4 Be7 7. Nc3 O-O 8. O-O-O a6 9. Qc4 Be6 10. Qe2 Re8 11. f3 Bf8 12. Qd2 g6 13. Kb1 Bg7 14. h4 h6 15. h5 g5 16. Nh3 Ne5 17. Be2 Nxh5 18. Nxg5 Qxg5 19. Qxg5 hxg5 20. Rxh5 Bf6 21. Nd5 Bxd5 22. Rxd5 Kg7 23. Bxe5 dxe5 24. Rh1 Rad8 25. Rhd1 Rxd5 26. exd5 e4 27. fxe4 Rxe4 28. Bf3 Re3 29. a3 b6 30. b4 Rxa3 31. c3 Bxc3 32. Kc2 Bxb4 33. Rd4 Bd6 34. Rg4 Kf6 35. Rc4 a5 36. Kb2 a4 37. Rc6 Rb3+ 38. Ka2 b5 39. Rc1 b4 40.
Rf1 Ra3+ 41. Kb2 Be5+ 42. Kc2 Ra2+ 43. Kd3 b3 44. d6 cxd6 45. Bd5+ Kg6 46. Bxf7+ Kg7 47.
Bd5 Bf4 48. Kc3 Rc2+ 49. Kb4 Rc1 50. Rxc1 Bxc1 51. Kxa4 b2 52. Be4 Kf6 53. Kb3 Ke5 54.
Bd3 Kd4 55. Bb1 d5 56. Kc2 Ke3 57. Kd1 Kf2 58. g4 Ke3 59. Bf5 d4 60. Kc2 Kf4 61. Kb1 d3 62. Bxd3 Kxg4 63. Kc2 Kf3 64. Kd1 Kf2 65.
Be4 g4 66. Kc2 g3 67. Kb1 Ke3 68. Bg2 Kf2 69. Bh1 g2 70. Bxg2 Kxg2 71. Kc2 Kf3 72. Kb1 Ke3 73. Kc2 Ke2 74. Kb1 Kd2 75. Ka2 Kc2 76.
Ka3 b1=Q+ 0-1

[Event "Early-Titled-Tuesday-Blitz-November-28-2023"]
[Site "Chess.com"]
[Date "2023.11.28"]
[Round "9"]
[White "C_K_G"]
[Black "ammarzooqi"]
[Result "1-0"]
[WhiteElo "2185"]
[BlackElo "2320"]
[TimeControl "180+1"]
[EndTime "9:53:13 PST"]
[Termination "C_K_G won by checkmate"]

1. e4 e5 2. Nf3 Nf6 3. Nxe5 d6 4. Nf3 Nxe4 5. Qe2 Qe7 6. d3 Nf6 7. Be3 Nc6 8. Nc3 Bg4 9. h3 Bh5 10. g4 Bg6 11. g5 Nh5 12. Bg2 O-O-O 13. Nh4 Qe5 14. Qg4+ Kb8 15. Bf3 d5 16. d4 Qe6 17.
O-O-O Qxg4 18. hxg4 Ng3 19. fxg3 Bd6 20. Bf4 Bb4 21.
Nxd5 Rhe8 22. Nxg6 hxg6 23. Nxb4 Nxb4 24. a3 Nd5 25. Bxd5 Rxd5 26. Rhe1 Red8 27. c4 R5d7 28.
d5 Kc8 29. Re2 a6 30. Rde1 b5 31. b3 Kb7 32. Re7 Kb6 33. Rxd7 Rxd7 34. Kc2 Kc5 35. Kc3 bxc4 36. bxc4 c6 37. Be3+ Kd6 38. dxc6 Kxc6 39.
Re2 Re7 40. Kd3 Rd7+ 41. Bd4 Rb7 42. Bxg7 Rb3+ 43. Bc3 Rxa3 44. Rf2 a5 45. Rxf7 a4 46.
Rf6+ Kd7 47. Rxg6 Ra2 48. Ra6 a3 49. g6 Rg2 50. Ra7+ Ke6 51. Be1 Kf6 52. g7 a2 53.
g8=Q a1=Q 54. Rxa1 Rxg3+ 55. Kd4 Rxg4+ 56. Kc5 Ke7 57. Ra7+ Kf6 58. Qd8+ Kf5 59. Qd7+ Kf4 60. Qxg4+ Ke3 61. Re7+ Kd3 62. Qd4+ Kc2 63. Re2+ Kc1 64. Qd2+ Kb1 65. Qd1# 1-0

[Event "Early-Titled-Tuesday-Blitz-November-28-2023"]
[Site "Chess.com"]
[Date "2023.11.28"]
[Round "9"]
[White "IwkooO"]
[Black "platy3"]
[Result "1/2-1/2"]
[WhiteElo "2690"]
[BlackElo "2876"]
[TimeControl "180+1"]
[EndTime "9:53:17 PST"]
[Termination "Game drawn by agreement"]

1. e4 e5 2. Nf3 Nc6 3. Bb5 a6 4. Ba4 Nge7 5. c3 Ng6 6. d4 exd4 7. cxd4 Bb4+ 8. Bd2 Bxd2+ 9. Nbxd2 d5 10. O-O O-O 11. Bxc6 bxc6 12. e5 f6 13. Re1 Nf4 14. Qc2 Qd7 15. h3 Nxg2 16. Kxg2 Qxh3+ 17. Kg1 fxe5 18. Re3 Qg4+ 19. Kh1 exd4 20. Nh2 Qh5 21. Rg3 Rxf2 22. Rg2 Rxg2 23. Kxg2 Bd7 24. Ndf3 Re8 25. Re1 Rxe1 26.
Nxe1 Qg5+ 27. Kh1 Qe3 28. Nef3 h6 29. Qd2 Qxd2 30. Nxd2 Kf7 31. Nb3 Kf6 32. Nf3 Kf5 33. Nc5 Bc8 34. Nxd4+ Ke5 35. Ndb3 d4 36. Kg2 Kd5 37.
Nd3 g5 38. Kg3 Kc4 39. Ne5+ Kd5 40. Nf7 c5 41. Nxh6 c4 42. Nd2 c3 43. bxc3 dxc3 44.
Nb3 Kc4 45. Nf7 c2 46. Nxg5 Kc3 47. Ne4+ Kb2 48. Nec5 Kxa2 49. Kf2 a5 50. Ke3 a4 51. Nc1+ Kb1 52. Kd2 a3 53. N5d3 a2 54. Nxa2 Kxa2 55. Nb4+ Kb3 56. Nxc2 c5 57. Kc1 Kc3 58. Ne1 Bg4 59.
Nc2 Kd3 60. Na1 Be6 61. Nc2 Bd5 62. Ne1+ Ke2 63. Nc2 Be6 64. Kb2 Kd2 65. Na3 Bd5 66. Nb5 c4 67. Nc3 Bc6 68. Nb1+ Kd3 69. Nc3 1/2-1/2